Map: Acid Plant LE

Players

Geralt (Gerald) - Winner!

  • Race: Protoss Protoss
  • League: Grandmaster
  • Spawn Location: 5:00

liquidthermy (uThermal)

  • Race: Protoss Protoss
  • League: Grandmaster
  • Spawn Location: 11:00

Event: HomeStory Cup XVII

VOD

Have the link to the VOD?

Description

Time

  • Played on: June 29, 2018, 5:12 p.m.
  • Length: 4:53

All games in this series

Show
View Real Time Build Order
Export as new Build Order

Geralt Protoss - Winner!

Build Orders: Dark Templar Rush 

Get SALT Encoding   

  12  0:00  Probe  
  13  0:12  Probe  
  14  0:18  Pylon  
  14  0:23  Probe  
  15  0:32  Probe  
  15  0:37  Gateway  
  15  0:40  Probe  
  16  0:46  Assimilator  
  17  0:51  Probe  
  17  0:55  Assimilator  
  18  1:00  Probe  
  19  1:08  Probe  
  19  1:14  Gateway  
  20  1:19  Probe  
  20  1:25  Cybernetics Core  
  21  1:31  Probe  
  22  1:33  Pylon  
  22  1:43  Probe  
  23  1:49  Warp Gate  
  23  1:55  Probe  
  23  2:01  Adept x2  
  28  2:07  Probe  
  29  2:15  Pylon  
  29  2:17  Twilight Council  
  29  2:19  Probe  
  29  2:30  Adept  
  29  2:34  Adept  
  29  2:35  Probe  
  34  2:47  Probe  
  35  2:55  Shield Battery  
  35  2:59  Dark Shrine  
  35  3:06  Shield Battery  
  35  3:24  Nexus  
  33  3:31  Pylon  
  31  3:40  Shield Battery  
  31  3:51  Gateway  
  31  3:58  Probe  
  31  4:11  Dark Templar x2  
  31  4:13  Probe  
  31  4:15  Pylon  
  36  4:24  Gateway  
  36  4:46  Dark Templar x2  
Show
View Real Time Build Order
Export as new Build Order

liquidthermy Protoss 

Build Orders: Phoenix Opening 

Get SALT Encoding   

  12  0:01  Probe  
  13  0:13  Probe  
  14  0:17  Pylon  
  14  0:24  Probe  
  15  0:32  Probe  
  15  0:37  Gateway  
  15  0:40  Probe  
  16  0:46  Assimilator  
  17  0:52  Probe  
  19  1:04  Probe  
  19  1:05  Assimilator  
  19  1:09  Gateway  
  19  1:16  Probe  
  20  1:24  Cybernetics Core  
  20  1:28  Probe  
  20  1:32  Pylon  
  21  1:40  Probe  
  22  1:52  Adept, Probe  
  22  1:53  Adept  
  23  2:01  Warp Gate  
  27  2:11  Pylon  
  27  2:17  Adept x2  
  31  2:26  Stargate  
  31  2:39  Pylon  
  31  2:44  Adept x2  
  35  3:10  Phoenix  
  36  3:23  Probe  
  36  3:35  Nexus, Phoenix  
  38  3:46  Probe  
  39  3:54  Phoenix  
  39  3:57  Pylon  
  41  4:06  Probe  
  42  4:11  Oracle  
  42  4:18  Probe  
  46  4:25  Robotics Facility  
  46  4:27  Pylon  
  46  4:31  Probe  
Tags
 
Add a new tag
Caveats
  • Supply blocks, unpowered buildings, or Contaminate may cause inaccurate times.
  • Supply counts are checked every 10 seconds.